 Dungeon Crawl Stone Soup version 0.30.1-11-g7821555f0a (webtiles) character file.

Game seed: 9664125117920830711

7401 H0rd4k the Fighter (level 11, -6/73 (87) HPs)
             Began as a Human Artificer on Dec 21, 2023.
             Was an Initiate of Gozag.
             Killed from afar by an acid dragon (7 damage)
             ... with a splash of acid
             ... on level 9 of the Dungeon.
             The game lasted 00:24:12 (12450 turns).

H0rd4k the Fighter (Human Artificer)               Turns: 12450, Time: 00:24:13

HP:   -6/73 (87)    AC:  4    Str: 18    XL:     11   Next: 36%
MP:   21/21         EV: 14    Int: 22    God:    Gozag
Gold: 1058          SH:  0    Dex: 14    Spells: 18/24 levels left

rFire   . . .        b - +4 great mace (holy)
rCold   . . .        (shield currently unavailable)
rNeg    . . .        h - +1 ring mail of the Watchman {Rampage}
rPois   .            (no helmet)
rElec   .            a - scarf {repulsion}
rCorr   .            F - +0 pair of gloves
SInv    .            P - +0 pair of boots
Will    .....        q - amulet of magic regeneration
Stlth   +            C - +6 ring of intelligence
HPRegen 0.32/turn    K - +6 ring of strength
MPRegen 0.57/turn

%: repel missiles, rampage
@: corroded, gold aura, studying 2 skills, heavily drained
A: no striking features
a: Renounce Religion, Potion Petition, Call Merchant, Bribe Branch


You were on level 9 of the Dungeon.
You worshipped Gozag.
Gozag was most pleased with you.
You visited 1 branch of the dungeon, and saw 9 of its levels.
You also visited: Sewer and Bailey.

You collected 1185 gold pieces.
You paid 127 gold pieces to Gozag.

Inventory:

Hand Weapons
 b - a +4 great mace of holy wrath (weapon)
 n - a +3 whip
 y - a +1 short sword of freezing
 B - a +0 flail of protection
 I - a +3 trident of venom
Missiles
 o - 20 poisoned darts (quivered)
 x - 3 curare-tipped darts
Armour
 a - a scarf of repulsion (worn)
 h - the +1 ring mail of the Watchman (worn) {Rampage}
   (You found it on level 5 of the Dungeon)

   Rampage:   It bestows one free step when moving towards enemies.
 F - a +0 pair of gloves (worn)
 P - a +0 pair of boots (worn)
 Q - the +3 warlock's mirror {omnireflect}
   (You found it in a bailey)

   Omnireflect: It can block and reflect piercing ranged attacks and magical
   attacks against the wielder's willpower.
Jewellery
 i - a ring of protection from fire
 q - an amulet of magic regeneration (around neck)
 C - a +6 ring of intelligence (left hand)
 K - a +6 ring of strength (right hand)
Wands
 c - a wand of roots (1)
 J - a wand of flame (22)
Scrolls
 d - 2 scrolls of enchant armour
 f - 2 scrolls of enchant weapon
 g - a scroll of immolation
 k - 3 scrolls of poison
 r - a scroll of blinking {unknown}
 u - a scroll of fear
 z - 2 scrolls of teleportation {unknown}
 D - 2 scrolls of amnesia
 E - 4 scrolls of noise
 M - a scroll of vulnerability {unknown}
 N - a scroll of fog
Potions
 e - a potion of attraction {unknown}
 j - 2 potions of cancellation
 l - a potion of magic {unknown}
 m - 3 potions of curing {unknown}
 p - 2 potions of might {unknown}
 s - a potion of heal wounds {unknown}
 t - 2 potions of mutation {unknown}
 v - 2 potions of haste
 w - a potion of invisibility {unknown}
 G - a potion of brilliance {unknown}
 H - 3 potions of degeneration {unknown}


   Skills:
 - Level 8.4 Fighting
 - Level 4.6 Maces & Flails
 - Level 6.5 Polearms
 - Level 1.7 Throwing
 - Level 2.0 Armour
 - Level 8.4 Dodging
 - Level 1.0 Stealth
 * Level 7.0 Spellcasting
 + Level 6.5 Hexes
 - Level 3.0 Evocations


You had 18 spell levels left.
You knew the following spells:

 Your Spells              Type           Power      Damage    Failure   Level
a - Tukima's Dance        Hex            36%        N/A       3%          3
b - Confusing Touch       Hex            36%        N/A       3%          3

Your spell library contained the following spells:

 Spells                   Type           Power      Damage    Failure   Level
 Dazzling Flash           Conj/Hex       44%        N/A       11%         3
 Portal Projectile        Hex/Tloc       44%        N/A       11%         3
 Freeze                   Ice            28%        1d5       14%         1
 Kiss of Death            Conj/Necr      28%        2d7       14%         1
 Cigotuvi's Dreadful Rot  Necr/Pois/Air  14%        N/A       22%         2
 Poisonous Vapours        Pois/Air       14%        N/A       22%         2
 Searing Ray              Conj           14%        2d5       22%         2
 Fulminant Prism          Conj/Hex       11%        3d9       36%         4
 Leda's Liquefaction      Hex/Erth       11%        N/A       36%         4
 Frozen Ramparts          Ice            14%        1d3       38%         3
 Hailstorm                Conj/Ice       7%         3d4       38%         3
 Ignite Poison            Fire/Tmut/Pois 7%         N/A       38%         3
 Mephitic Cloud           Conj/Pois/Air  7%         N/A       38%         3
 Volatile Blastmotes      Fire/Tloc      14%        2d11      38%         3
 Dispel Undead            Necr           7%         3d8       80%         4
 Iskenderun's Mystic Bla  Conj/Tloc      7%         2d4       80%         4
 Blade Hands              Tmut           3%         N/A       98%         5
 Fireball                 Conj/Fire      3%         3d4       98%         5
 Freezing Cloud           Conj/Ice/Air   3%         6-21      98%         5
 Lee's Rapid Deconstruct  Erth           3%         3d5*      98%         5
 Statue Form              Tmut/Erth      4%         N/A       100%        6


Dungeon Overview and Level Annotations

Branches:
Dungeon (9/15)             Temple (0/1) D:7           Sewer (visited)
 Bailey (visited)
   Lair: D:8-11         Orc: D:9-12

Altars:
Gozag
Hepliaklqana
Kikubaaqudgha
Makhleb
Okawaru
Trog
Zin

Annotations:
D:5 exclusion: downstairs
D:6 1 runed translucent door
D:7 2 transporters, exclusions: upstairs and 1 more exclusion, Marvel's ghost, novice HOFi


Message History

The acid dragon attacks as you move away!
The acid dragon misses you. The acid dragon barely misses you.
The wight misses you.
Items here: $ )) [[.
Aiming: Paralyse
Press: ? - help, Shift-Dir - straight line, f - acid dragon
Aim: an acid dragon (chance to affect: 56%)
The acid dragon resists with significant effort.
The now-empty wand crumbles to dust.
The acid dragon barely misses you.
The acid dragon claws you but does no damage.
The wight hits you from afar with a +5 halberd.
* * * LOW HITPOINT WARNING * * *
Aiming: Fastroot
Press: ? - help, Shift-Dir - straight line, f/p - acid dragon
Aim: an acid dragon The roots erupt in riotous growth!
Roots grab the acid dragon.
Roots grab the wight.
The grasping roots constrict the wight!
The grasping roots constrict the acid dragon.
The acid dragon barely misses you. x2; The wight closely misses you.
The grasping roots constrict the wight!
You destroy the wight!
The grasping roots constrict the acid dragon!
The acid dragon spits acid at you. The splash of acid misses you.
The grasping roots constrict the acid dragon!
The roots release their grip on the acid dragon.
There is an open door here.
The acid dragon spits acid at you. The splash of acid hits you!!
* * * LOW HITPOINT WARNING * * *
The acid corrodes you!
Okay, then.
Okay, then.
As you read the scroll of fear, it crumbles to dust.
You assume a fearsome visage.
The acid dragon looks frightened!
The acid dragon spits acid at you. The splash of acid hits you!
You die...
Your body crumbles into a pile of gold.

#.# #.# #.# ####+# #.#
###...... ###+###
####'#### #.'......
....... ###.......#
#.#...... .......
#.D.......###.# .....
...<... ##.#.......'...#
....
.......###D.#..@..<.#####
... ......$$$..##.......#
## .......########+#####
#####+#


You could see an acid dragon (fleeing, catching breath).

Vanquished Creatures
  2 two-headed ogres
  An orc knight (Bailey)
  2 kobold demonologists (Bailey)
  2 wyverns
  Grum (D:8)
  An acid dragon (D:9)
  Edmund (D:5)
  A water moccasin (D:7)
  A black bear (D:7)
  15 orc warriors
  An ogre (D:7)
  2 wolves (D:8)
  3 centaurs
  3 kobold brigands
  3 bullfrogs
  A gnoll sergeant (D:7)
  13 wights
  2 howler monkeys (D:7)
  7 electric eels (Bailey)
  3 hounds
  3 orc priests
  Natasha (thrice) (D:4)
  6 iguanas
  6 orc wizards (D:8)
  4 gnolls (Bailey)
  10 adders
  7 river rats (Sewer)
  4 shadow imps
  A white imp (D:5)
  An ufetubus (D:5)
  A worm (D:3)
  A dart slug (D:1)
  25 orcs
  7 ball pythons
  2 bats
  3 endoplasms
  2 giant cockroaches
  12 goblins
  10 hobgoblins
  4 jackals (D:4)
  5 frilled lizards
  26 kobolds
  21 rats
229 creatures vanquished.

Vanquished Creatures (collateral kills)
  An orc warrior (Bailey)
  A sky beast (D:7)
  An ice beast (D:7)
  A hound (D:7)
  A gnoll (Bailey)
  A white imp (D:7)
  An orc (D:8)
  A hobgoblin (Bailey)
  3 rats (Sewer)
11 creatures vanquished.

Vanquished Creatures (others)
  2 dancing weapons (Bailey)
  A sky beast (D:6)
  2 orc wizards
  A river rat (Sewer)
  A rat (Sewer)
7 creatures vanquished.

Grand Total: 247 creatures vanquished

Notes
Turn   | Place    | Note
-------+----------+-------------------------------------------
     0 | D:1      | H0rd4k the Human Artificer began the quest for the Orb.
     0 | D:1      | Reached XP level 1. HP: 15/15 MP: 1/1
   226 | D:1      | Reached XP level 2. HP: 21/21 MP: 2/2
   354 | D:1      | You fall into a shaft and drop 1 floor!
   458 | D:2      | Reached XP level 3. HP: 27/27 MP: 3/3
   649 | D:2      | Found a faded altar of an unknown god.
   716 | D:2      | Reached XP level 4. HP: 30/34 MP: 4/4
  1464 | D:3      | Found a glowing drain.
  1478 | Sewer    | Entered a sewer
  1598 | Sewer    | Reached XP level 5. HP: 23/41 MP: 5/5
  2339 | Sewer    | Noticed a kobold brigand
  2375 | Sewer    | Killed a kobold brigand
  2376 | Sewer    | Reached XP level 6. HP: 29/48 MP: 6/6
  3705 | D:4      | Noticed Natasha
  3724 | D:4      | Killed Natasha
  3753 | D:4      | Noticed Natasha
  3754 | D:4      | Killed Natasha
  3755 | D:4      | Reached XP level 7. HP: 55/55 MP: 7/7
  3837 | D:4      | Noticed Natasha
  3840 | D:4      | Killed Natasha
  4384 | D:4      | Reached skill level 5 in Fighting
  4384 | D:4      | Reached skill level 5 in Dodging
  4669 | D:5      | Entered Level 5 of the Dungeon
  4796 | D:5      | Noticed Edmund
  4807 | D:5      | Killed Edmund
  4808 | D:5      | Reached skill level 1 in Maces & Flails
  5160 | D:5      | Reached XP level 8. HP: 45/63 MP: 8/8
  5510 | D:5      | Identified the +1 ring mail of the Watchman {Rampage}
  5662 | D:5      | Identified a scroll of acquirement
  5663 | D:5      | Acquired a manual of Polearms
  5727 | D:6      | Noticed a wyvern
  5846 | D:6      | Found a runed translucent door.
  6533 | D:6      | Killed a wyvern
  6795 | D:6      | Found an iron altar of Okawaru.
  6795 | D:6      | Found an ancient bone altar of Kikubaaqudgha.
  6796 | D:6      | Found a bloodstained altar of Trog.
  6797 | D:6      | Found a hazy altar of Hepliaklqana.
  6797 | D:6      | Found a burning altar of Makhleb.
  6797 | D:6      | Found an opulent altar of Gozag.
  6807 | D:6      | Became a worshipper of Gozag Ym Sagoz the Greedy
  7012 | D:7      | Reached XP level 9. HP: 22/71 MP: 9/9
  7233 | D:7      | Noticed a two-headed ogre
  7316 | D:7      | Reached skill level 1 in Polearms
  7465 | D:7      | Found a staircase to the Ecumenical Temple.
  7491 | D:7      | Killed a two-headed ogre
  7823 | D:7      | Noticed a moth of wrath
  7823 | D:7      | Noticed Marvel's ghost (novice HOFi)
  7840 | D:7      | Found a transporter.
  7845 | D:7      | Found a transporter.
  7846 | D:7      | Found a bloodstained altar of Trog.
  8039 | D:7      | Got the Catalogue of Battling
  8073 | D:7      | Reached skill level 5 in Polearms
  8148 | D:7      | Reached XP level 10. HP: 72/80 MP: 10/10
  8675 | D:7      | Learned a level 3 spell: Tukima's Dance
  8679 | D:7      | Learned a level 3 spell: Confusing Touch
  8798 | D:8      | Reached skill level 1 in Hexes
  8819 | D:8      | Noticed Grum
  8896 | D:8      | Found a glowing silver altar of Zin.
  8913 | D:8      | Killed Grum
  8914 | D:8      | Reached skill level 1 in Spellcasting
  8916 | D:8      | Reached skill level 1 in Throwing
  8926 | D:8      | Found a flagged portal.
  9015 | Bailey   | Entered a bailey
  9751 | Bailey   | Found the +3 warlock's mirror {omnireflect}
  9892 | Bailey   | Noticed a kobold demonologist
  9898 | Bailey   | Noticed a soul eater
  9932 | Bailey   | Noticed an ice devil
  9935 | Bailey   | Noticed an orc knight
  9939 | Bailey   | Killed a kobold demonologist
  9951 | Bailey   | Killed an orc knight
 10457 | Bailey   | Found an iron altar of Okawaru.
 10484 | Bailey   | Reached skill level 5 in Spellcasting
 10484 | Bailey   | Reached XP level 11. HP: 64/87 MP: 18/18
 11450 | Bailey   | Acquired a manual of Hexes
 11627 | D:8      | Reached skill level 5 in Hexes
 11829 | D:8      | Noticed a two-headed ogre
 11893 | D:8      | Killed a two-headed ogre
 12449 | D:9      | HP: 1/73 [acid dragon/splash of acid (22)]
 12450 | D:9      | Killed from afar by an acid dragon

Illustrated notes

Levels and vault maps discovered:
D:1:      roderic_crop_circles_arrival_large, layout_loops_corners,
          palyth_stone_intersect
D:2:      layout_basic, hellmonk_ecumenical_altar_pennies_from_heaven
D:3:      layout_basic, cheibrodos_sewer_entry_bend, item_on_display_a
D:4:      layout_basic, interstate_on_off, uniq_natasha
D:5:      layout_loops_cross, uniq_edmund
D:6:      layout_loops_cross, grunt_temple_overflow_open, ebering_ghost_sewer_d,
          chequers_mini_garden, chequers_serial_rivers_room_a
D:7:      nzn_winding_woodlands_three_and_one [nzn_winding_woodlands_5x15_cabin,
          nzn_winding_woodlands_5x15_longhouse,
          nzn_winding_woodlands_5x15_garden,
          nzn_winding_woodlands_center_lodge], layout_basic,
          minmay_temple_entry_sparse_star, gammafunk_ghost_wrathful_warriors
D:8:      layout_loops_cross, lemuel_crystal_altar, enter_bailey_5, uniq_grum
D:9:      layout_roguey, nrook_campfire, uniq_gastronok

Skill      XL: |  1  2  3  4  5  6  7  8  9 10 11 |
---------------+----------------------------------+-----
Fighting       | 2 3 4 5 6 8 |  8.4
Dodging        | 2 3 4 5 6 8 |  8.4
Maces & Flails | 2 4 |  4.6
Polearms       | 5 6 |  6.5
Hexes          | 4 6 |  6.5
Spellcasting   | 5 7 |  7.0
Throwing       | 1 |  1.7
Armour         | |  2.0
Stealth        | |  1.0
Evocations     | |  3.0

Action                     |  1- 3 |  4- 6 |  7- 9 | 10-12 || total
---------------------------+-------+-------+-------+-------++-------
  Melee: Club              |    65 |       |       |       ||    65
         Whip              |    36 |   231 |   211 |       ||   478
         Punch             |       |     1 |     3 |     3 ||     7
         Trident           |       |       |    66 |   274 ||   340
         Great mace        |       |       |       |    27 ||    27
  Throw: Dart              |       |       |    13 |    29 ||    42
   Cast: Tukima's Dance    |       |       |       |    17 ||    17
  Evoke: Wand              |     4 |    20 |    22 |    14 ||    60
    Use: Scroll            |       |       |     8 |     8 ||    16
   Stab: Sleeping          |       |     1 |       |       ||     1
         Paralysed         |       |       |       |    12 ||    12
 Armour: Leather armour    |    33 |    54 |    29 |       ||   116
         Ring mail         |       |       |    54 |    44 ||    98
  Dodge: Dodged            |    69 |   184 |   221 |   168 ||   642
         Repelled          |       |       |       |     1 ||     1
